 Dungeon Crawl Stone Soup version 0.31-a0-435-g2c6fae2916 (webtiles) character file.

Game seed: 7465470626582591277

183 pokeman the Magician (level 5, -1/29 HPs)
             Began as a Deep Elf Hedge Wizard on Aug 1, 2023.
             Killed by nerve-wracking pain
             ... invoked by an orc priest
              (11 damage)
             ... on level 3 of the Dungeon.
             The game lasted 00:04:39 (2972 turns).

pokeman the Magician (Deep Elf Hedge Wizard)        Turns: 2972, Time: 00:04:40

Health: -1/29      AC:  8    Str:  7    XL:     5   Next: 35%
Magic:  7/15       EV: 13    Int: 21    God:
Gold:   100        SH:  0    Dex: 14    Spells: 8/16 levels left

rFire   + . .        l - +0 spear (venom)
rCold   + . .        (no shield)
rNeg    . . .        i - +1 robe {rC+ rF+}
rPois   +            n - +0 helmet
rElec   .            (no cloak)
rCorr   .            m - +0 pair of gloves
SInv    .            f - +2 pair of boots
Will    .....        (no amulet)
Stlth   ++           j - ring of poison resistance
HPRegen 0.24/turn    (no ring)
MPRegen 0.14/turn

%: no passive effects
@: no status effects
A: no striking features
a: no special abilities


You were on level 3 of the Dungeon.
You visited 1 branch of the dungeon, and saw 3 of its levels.

You collected 195 gold pieces.
You spent 95 gold pieces at shops.

Inventory:

Hand Weapons
 l - a +0 spear of venom (weapon)
Missiles
 q - a throwing net
Armour
 f - a +2 pair of boots (worn)
 i - a +1 robe of resistance (worn)
 m - a +0 pair of gloves (worn)
 n - a +0 helmet (worn)
Jewellery
 j - a ring of poison resistance (left hand)
Wands
 c - a wand of flame (25)
Scrolls
 b - a scroll of summoning {unknown}
 g - 4 scrolls of immolation {unknown}
 h - 5 scrolls of identify
 k - a scroll of brand weapon {unknown}
 o - a scroll of revelation
Potions
 a - a potion of haste {unknown}
 d - a potion of magic
 e - a potion of cancellation {unknown}
 p - a potion of curing {unknown}


   Skills:
 - Level 1.0 Fighting
 - Level 1.0 Armour
 - Level 3.0 Dodging
 - Level 3.0 Stealth
 * Level 6.2 Spellcasting
 + Level 2.6 Conjurations
 - Level 1.1 Summonings
 - Level 1.1 Translocations
 + Level 0.2 Air Magic
 + Level 0.3 Poison Magic
 + Level 0.7 Evocations


You had 8 spell levels left.
You knew the following spells:

 Your Spells              Type           Power      Damage    Failure   Level
a - Magic Dart            Conj           68%        1d6       3%          1
b - Mephitic Cloud        Conj/Pois/Air  11%        N/A       19%         3
c - Call Imp              Summ           22%        N/A       10%         2
d - Blink                 Tloc           22%        N/A       10%         2

Your spell library contained the following spells:

 Spells                   Type           Power      Damage    Failure   Level
 Slow                     Hex            24%        N/A       10%         1
 Cigotuvi's Dreadful Rot  Necr/Pois/Air  14%        N/A       13%         2


Dungeon Overview and Level Annotations

Branches:
Dungeon (3/15)

Altars:
The Shining One

Shops:
D:3 *


Message History

You hit the orc.
The orc is poisoned.
The orc is heavily wounded.
The orc is engulfed in noxious fumes.
The orc appears confused.
The orc hits the orc with a +0 club.
Reach: l) +0 spear (venom)
Press: ? - help, Dir - move target, f - orc, p - orc
Aim: an orc, wielding a +0 dagger (heavily wounded, about 40% to evade your +0 spear of venom)
The orc is in the way.
You hit the orc.
The orc looks even sicker.
The orc is severely wounded.
The orc is engulfed in noxious fumes.
The orc appears confused.
You kill the orc!
Reach: l) +0 spear (venom)
Press: ? - help, Dir - move target, f/p - orc
Aim: an orc, wielding a +0 dagger (heavily wounded, about 40% to evade your +0 spear of venom)
You reach to attack!
You hit the orc.
The orc is poisoned.
The orc is almost dead.
You kill the orc!
Reach: l) +0 spear (venom)
Press: ? - help, Dir - move target, f - orc
Aim: an orc, wielding a +0 war axe and wearing a +0 leather armour (about 40% to evade your +0 spear of venom)
You reach to attack!
You closely miss the orc. The orc barely misses you.
The orc hits you with a +0 war axe.
Unknown command.
Casting: Mephitic Cloud (quite dangerous; 19% risk of failure)
Confirm with . or Enter, or press ? or * to list all spells.
The spell is quite dangerous to miscast (19% risk of failure)!
Continue anyway?
Aiming: Mephitic Cloud (quite dangerous; 19% risk of failure)
Press: ? - help, Shift-Dir - straight line, f/p - orc
Aim: an orc, wielding a +0 war axe and wearing a +0 leather armour (chance to affect: 96%)
The ball explodes into a vile cloud!
The stinking cloud engulfs the orc but does no damage.
The stinking cloud engulfs the orc priest but does no damage.
The stinking cloud engulfs you but does no damage.
The stinking cloud engulfs the orc but does no damage.
The orc is engulfed in noxious fumes.
The orc appears confused.
The orc is engulfed in noxious fumes.
The orc appears confused.
The orc priest is engulfed in noxious fumes.
The orc priest calls down the wrath of Beogh upon you.
Pain shoots through your body!
You die...

. #. #...#........#.#.# .. #.
#...# #.........#
...##.#######...+ #...#.#.#.#
......o.....>...####...#.#.###
......o.).......##............
........o...oo..#..........###
.........####oo.#..#.###......
..$......# #○###......<......
........$# #@####.#.#........
....)....# #......#.#........
########## ########.#........
#....#........ #....#........
#....##....... #....#########
#....#.......# #....#.......#


You could see an orc priest, an orc wizard and 2 orcs.

Vanquished Creatures
  An iguana (D:3)
  2 orc wizards (D:3)
  3 adders (D:3)
  A worm (D:2)
  A dart slug (D:1)
  7 orcs (D:3)
  6 endoplasms
  3 giant cockroaches
  8 goblins
  4 hobgoblins
  5 quokkas
  4 ball pythons
  7 bats
  5 frilled lizards
  3 kobolds
  5 rats
65 creatures vanquished.

Vanquished Creatures (collateral kills)
  A worm (D:2)
1 creature vanquished.

Grand Total: 66 creatures vanquished

Notes
Turn   | Place    | Note
-------+----------+-------------------------------------------
     0 | D:1      | pokeman the Deep Elf Hedge Wizard began the quest for the
                  | Orb.
     0 | D:1      | Reached XP level 1. HP: 10/10 MP: 7/7
   254 | D:1      | Reached XP level 2. HP: 15/15 MP: 5/9
   597 | D:1      | Reached skill level 5 in Spellcasting
  1107 | D:2      | Reached XP level 3. HP: 20/20 MP: 8/11
  1111 | D:2      | Learned a level 3 spell: Mephitic Cloud
  1114 | D:2      | Learned a level 2 spell: Call Imp
  1117 | D:2      | Learned a level 2 spell: Blink
  1712 | D:2      | Reached skill level 1 in Armour
  1719 | D:2      | Reached skill level 1 in Fighting
  2253 | D:3      | Found a glowing golden altar of the Shining One.
  2405 | D:3      | Reached XP level 4. HP: 25/25 MP: 9/13
  2761 | D:3      | Found Jaczid's General Store.
  2773 | D:3      | Bought a scroll of identify for 20 gold pieces
  2773 | D:3      | Bought a scroll of revelation for 75 gold pieces
  2833 | D:3      | Reached skill level 6 in Spellcasting
  2833 | D:3      | Reached XP level 5. HP: 29/29 MP: 5/15
  2972 | D:3      | Killed from afar by an orc priest

Illustrated notes

Levels and vault maps discovered:
D:1:      onia_arrival_pyramid, layout_basic
D:2:      layout_basic, dk_noncrumbling_4
D:3:      layout_basic, tso_oasis_becter, serial_shops, shop, nicolae_half_adder

Skill      XL: |  1  2  3  4 |
---------------+-------------+-----
Spellcasting   | 5 6 |  6.2
Armour         | 1 |  1.0
Fighting       | 1 |  1.0
Conjurations   | 2 |  2.6
Stealth        | 3 |  3.0
Dodging        | 3 |  3.0
Summonings     | |  1.1
Translocations | |  1.1
Air Magic      | |  0.2
Poison Magic   | |  0.3
Evocations     | |  0.7

Action                     |  1- 3 |  4- 6 || total
---------------------------+-------+-------++-------
  Melee: Dagger            |    14 |       ||    14
         Spear             |    14 |    22 ||    36
   Cast: Magic Dart        |   107 |    39 ||   146
         Mephitic Cloud    |     2 |     4 ||     6
         Call Imp          |     1 |       ||     1
   Stab: Sleeping          |     1 |       ||     1
         Confused          |     4 |     3 ||     7
 Armour: Robe              |     3 |    10 ||    13
  Dodge: Dodged            |     8 |    17 ||    25

Table legend: (Time is in decaauts)
 A = Elapsed time spent in this place.
 B = Non-inter-level travel time spent in this place.
 C = Inter-level travel time spent in this place.
 D = Time resting spent in this place.
 E = Time spent auto-exploring this place.
 F = Levels seen in this place.
 G = Mean time per level.
                   A        B        C        D        E       F      G
               +--------+--------+--------+--------+--------+-----+--------+
         Total |   2974 |   2887 |     87 |      0 |   2466 |   3 |  991.3 |
       Dungeon |   2974 |   2887 |     87 |      0 |   2466 |   3 |  991.3 |
               +--------+--------+--------+--------+--------+-----+--------+

Top non-repeatable levels by time:
     D:1: 1102 daAuts
     D:2: 946 daAuts
     D:3: 924 daAuts
